 Dungeon Sprint DCSS version 0.21-a0-460-g737a915 (webtiles) character file.

96 Kidiri the Sneak (level 4, 0/23 HPs)
             Began as a Spriggan Enchanter on Nov 20, 2017.
             Slain by a tyrant leech (23 damage)
             ... in the Dungeon (Sprint II: "The Violet Keep of Menkaure").
             The game lasted 00:00:57 (286 turns).

Kidiri the Sneak (Spriggan Enchanter)                Turns: 286, Time: 00:00:57

Health: 0/23       AC:  2    Str:  4    XL:     4   Next: 41%
Magic:  12/12      EV: 21    Int: 16    God:
Gold:   243        SH:  0    Dex: 17    Spells: 1/13 levels left

rFire    . . .     SeeInvis +   a - +1 dagger
rCold    . . .     Gourm    .   (shield restricted)
rNeg     . . .     Faith    .   b - +0 robe
rPois    .         Spirit   .   (helmet restricted)
rElec    .         Reflect  .   (no cloak)
rCorr    .         Harm     .   (gloves unavailable)
MR       .....     NoTele   +   (boots unavailable)
Stlth    ++++......             (no amulet)
HPRegen  0.07/turn              (no ring)
MPRegen  0.13/turn              (no ring)

@: very quick
A: unfitting armour, see invisible, herbivore 3, speed 3, slow metabolism 2
a: no special abilities


You were in the Dungeon.
You were not hungry.

You visited 1 branch You collected 243 gold pieces.

Inventory:

Hand Weapons
 a - a +1 dagger (weapon)
Armour
 b - a +0 robe (worn)
Scrolls
 j - a scroll of blinking
Potions
 e - a potion of curing
 f - a potion of heal wounds
 g - a potion of haste
 h - 2 potions of magic
Books
 c - a book of Maledictions

   Spells                             Type                      Level
   a - Corona                         Hexes                        1
   b - Ensorcelled Hibernation        Hexes/Ice                    2
   c - Confuse                        Hexes                        3
   d - Tukima's Dance                 Hexes                        3
   e - Dazzling Spray                 Conjuration/Hexes            3
Comestibles
 d - a bread ration


   Skills:
 + Level 1.9 Fighting
 * Level 4.0 Short Blades
 + Level 1.6 Armour
 * Level 6.1 Dodging
 * Level 7.3 Stealth
 * Level 5.1 Spellcasting
 + Level 0.0 Conjurations
 + Level 4.7 Hexes
 + Level 0.0 Ice Magic


You had one spell level left.
You knew the following spells:

 Your Spells              Type           Power        Failure   Level  Hunger
a - Corona                Hex            ###....      1%          1    None
b - Ensorcelled Hibernat  Hex/Ice        ##....       9%          2    #......
c - Confuse               Hex            ###.....     6%          3    ###....
d - Tukima's Dance        Hex            ###.....     6%          3    ###....
e - Dazzling Spray        Conj/Hex       ##....       17%         3    ###....


Dungeon Overview and Level Annotations

Branches:
Dungeon (1/1)

Altars:


Innate Abilities, Weirdness & Mutations

You are very small and have problems with some larger weapons.
You are too small for most types of armour.
You have supernaturally acute eyesight. (SInv)
You are a herbivore.
You cover ground extremely quickly.
You need consume almost no food.


Message History

You start memorising the spell.
You continue memorising. x3
You finish memorising.
Spell assigned to 'c'.
Memorise Tukima's Dance, consuming 3 spell levels and leaving 4?
You start memorising the spell.
You continue memorising. x3
You finish memorising.
Spell assigned to 'd'.
Memorise Dazzling Spray, consuming 3 spell levels and leaving 1?
You start memorising the spell.
You continue memorising. x3
You finish memorising.
Spell assigned to 'e'.
There is a staircase leading out of the dungeon here.
You start resting.
HP restored.
You open the door.
There is an open door here.
Unknown command.
The helpless tyrant leech fails to defend itself.
You perforate the tyrant leech like a sieve!!!
The tyrant leech is severely wounded.
The tyrant leech bites you!!
Ouch! That really hurt!
You die...

##+## ##.#$##
#.w#w.#
####@#.# #
#.###'# n##
##..##.##.n.#
+.##'.<.+$#
##..##.##.n.#
#.###+# n##
### ... #
..#m. ##. .##


You could see a tyrant leech.

Vanquished Creatures
  4 worker ants (D)
4 creatures vanquished.

Vanquished Creatures (others)
  Menkaure (D)
  A crocodile (D)
2 creatures vanquished.

Grand Total: 6 creatures vanquished

Notes
Turn   | Place    | Note
-------+----------+-------------------------------------------
     0 | D        | Kidiri the Spriggan Enchanter began the quest for the Orb.
     0 | D        | Reached XP level 1. HP: 9/9 MP: 5/5
     1 | D        | Noticed a tyrant leech
     1 | D        | Noticed a tyrant leech
     4 | D        | Noticed a worker ant
     4 | D        | Noticed a worker ant
     4 | D        | Noticed a worker ant
     4 | D        | Noticed a worker ant
     7 | D        | Noticed a merfolk siren
    10 | D        | Noticed a necrophage
    10 | D        | Noticed a necrophage
    10 | D        | Noticed a necrophage
    10 | D        | Noticed a necrophage
    18 | D        | Killed a worker ant
    18 | D        | Reached skill level 1 in Fighting
    18 | D        | Reached skill level 1 in Armour
    18 | D        | Reached skill level 5 in Stealth
    18 | D        | Reached XP level 2. HP: 14/14 MP: 5/7
    18 | D        | Killed Menkaure
    23 | D        | Reached skill level 5 in Dodging
    23 | D        | Reached skill level 6 in Stealth
    23 | D        | Reached XP level 3. HP: 18/18 MP: 5/9
    27 | D        | Reached XP level 4. HP: 18/23 MP: 5/11
    38 | D        | Reached skill level 7 in Stealth
    38 | D        | Reached skill level 5 in Spellcasting
    49 | D        | Killed a crocodile
    87 | D        | Learned a level 2 spell: Ensorcelled Hibernation
    91 | D        | Learned a level 3 spell: Confuse
    95 | D        | Learned a level 3 spell: Tukima's Dance
    99 | D        | Learned a level 3 spell: Dazzling Spray
   286 | D        | Slain by a tyrant leech

Vault maps used:
D:        the_violet_keep_of_menkaure

Skill      XL: |  1  2  3  4 |
---------------+-------------+-----
Fighting       | 1 |  1.9
Short Blades   | 2 3 4 |  4.0
Armour         | 1 |  1.6
Dodging        | 4 5 6 |  6.1
Stealth        | 5 6 7 |  7.3
Spellcasting   | 3 4 5 |  5.1
Hexes          | 4 |  4.7

Action                   |  1- 3 |  4- 6 || total
-------------------------+-------+-------++-------
Melee: Dagger            |    11 |    12 ||    23
  Use: Potion            |     1 |       ||     1
 Stab: Sleeping          |       |     1 ||     1
Dodge: Dodged            |     5 |     5 ||    10

Table legend:
 A = Spawn XP
 B = Non-spawn XP
 C = Spawn XP percentage of total XP
 D = Spawn monster count
 E = Non-spawn monster count
 F = Spawn count percentage of total count
 G = Total turns spent on level
                    A         B        C        D         E        F      G
               +---------+---------+-------+---------+---------+-------+---------
         Total |       0 |     138 |   0.0 |       0 |       4 |   0.0 |   286
               +---------+---------+-------+---------+---------+-------+---------
             D |       0 |     138 |   0.0 |       0 |       4 |   0.0 |   286
               +---------+---------+-------+---------+---------+-------+---------
